 Dungeon Crawl Stone Soup version 0.17-a0-1738-g82cdc46 (webtiles) character file.

36 kae the Caller (level 3, -2/19 HPs)
             Began as a Deep Elf Summoner on Aug 30, 2015.
             Slain by a worm (9 damage)
             ... on level 2 of the Dungeon.
             The game lasted 00:02:16 (1727 turns).

kae the Caller (Deep Elf Summoner)                  Turns: 1727, Time: 00:02:16

Health: -2/19      AC:  4    Str:  6    XL:     3   Next: 19%
Magic:  8/9        EV: 13    Int: 19    God:
Gold:   45         SH:  0    Dex: 15    Spells: 2 memorised, 5 levels left

rFire  . . .     SeeInvis .     g - +0 short sword
rCold  . . .     Clarity  .     a - +0 robe
rNeg   . . .     SustAt   .     (no shield)
rPois  .         Gourm    .     (no helmet)
rElec  .         Spirit   .     (no cloak)
rCorr  .         Warding  .     n - +0 pair of gloves
rMut   .         Stasis   .     o - +0 pair of boots
MR     .....                    (no amulet)
Stlth  ++........               (no ring)
                                (no ring)

@: not resistant to hostile enchantments, unstealthy
A: no striking features
a: no special abilities


You were on level 2 of the Dungeon.
You were not hungry.

You visited 1 branch of the dungeon, and saw 2 of its levels.

You collected 45 gold pieces.

Inventory:

Hand weapons
 g - a +0 short sword (weapon)
Armour
 a - a +0 robe (worn)
 n - a +0 pair of gloves (worn)
 o - a +0 pair of boots (worn)
Jewellery
 d - an uncursed ring of wizardry {unknown}
 j - an uncursed ring of sustain attributes {unknown}
Scrolls
 e - a scroll of remove curse {unknown}
 h - a scroll of blinking {unknown}
 k - 2 scrolls of identify {unknown}
 l - 3 scrolls of teleportation {unknown}
Potions
 i - a potion of resistance {unknown}
 m - a potion of might {unknown}
 p - 2 potions of curing {unknown}
 q - a potion of agility {unknown}
 r - a potion of mutation {unknown}
Books
 b - a book of Callings

   Spells                             Type                      Level
   a - Summon Small Mammal            Summoning                    1
   b - Call Imp                       Summoning                    2
   c - Call Canine Familiar           Summoning                    3
   d - Summon Guardian Golem          Hexes/Summoning              3
   e - Summon Lightning Spire         Summoning/Air                4
   f - Summon Ice Beast               Ice/Summoning                4
Comestibles
 c - a bread ration


   Skills:
 - Level 2.4 Dodging
 - Level 2.4 Stealth
 - Level 3.0 Spellcasting
 + Level 5.6 Summonings


You had 5 spell levels left.
You knew the following spells:

 Your Spells              Type           Power        Failure   Level  Hunger
a - Summon Small Mammal   Summ           ###.         1%          1    None
b - Call Imp              Summ           ###.....     2%          2    ##.....


Dungeon Overview and Level Annotations

Branches:
Dungeon (2/15)

Altars:


Message History

The jackal barely misses you. The kobold hits you but does no damage.
The jackal bites you. The worm closely misses you.
Unknown command.
You barely miss the jackal.
The jackal is lightly wounded.
Your bat closely misses the rat.
The jackal barely misses you. The kobold barely misses you.
Unknown command.
You hit the jackal.
The jackal is moderately wounded.
Your bat closely misses the rat.
The jackal misses you.
Your crimson imp barely misses the jackal.
The kobold misses you. The worm bites you. The jackal misses you.
Unknown command.
You barely miss the jackal.
The jackal is moderately wounded.
Your crimson imp disappears in a puff of smoke!
Your bat barely misses the rat.
The jackal misses you. The kobold closely misses you. The worm bites you!
You die...

.. ..#
###...#.....##.#.###
##
#.............#.....
#.#.........##...###
###.####.#.....†..##
.. ...#.##.#######
#.##.#.#### #...†..#
#######.###
#....w@.# #....#hK#
#.#. §rb# # ##.##
#.. ... ##. .#


You could see a worm, a jackal, a kobold, a rat and a friendly bat.

Vanquished Creatures
  A worm (D:2)
  A giant gecko (D:2)
  5 goblins
  A hobgoblin (D:1)
  3 jackals
  7 kobolds
  2 bats (D:1)
  2 giant newts
  4 rats
26 creatures vanquished.

Vanquished Creatures (collateral kills)
  A hobgoblin (D:1)
  4 jackals (D:1)
  A giant newt (D:2)
  A kobold (D:1)
  A rat (D:2)
8 creatures vanquished.

Grand Total: 34 creatures vanquished

Notes
Turn   | Place    | Note
--------------------------------------------------------------
     0 | D:1      | kae the Deep Elf Summoner began the quest for the Orb.
     0 | D:1      | Reached XP level 1. HP: 10/10 MP: 6/6
   628 | D:1      | Reached XP level 2. HP: 15/15 MP: 8/8
   632 | D:1      | Learned a level 2 spell: Call Imp
   640 | D:1      | Reached skill level 5 in Summonings
  1619 | D:2      | Reached XP level 3. HP: 16/19 MP: 9/9
  1727 | D:2      | Slain by a worm

Vault maps used:
D:1:      dpeg_arrival_simpleton_b
D:2:      nicolae_overflow_hidden_temple, roderic_st_hans_cross

Action                   || total
-------------------------++-------
Melee: Unarmed           ||    14
       Short sword       ||    92
 Cast: Summon Small Mamm ||     6
       Call Imp          ||     3
 Stab: Sleeping          ||     3
       Distracted        ||     1
  Eat: Beef jerky        ||     1
       Chunk             ||     1
